 Dungeon Crawl Stone Soup version 0.20-a0-548-g4f8a798 (webtiles) character file.

373 AlphabetPasta the Chiller (level 6, 0/47 HPs)
             Began as a Hill Orc Ice Elementalist on Jan 31, 2017.
             Killed by nerve-wracking pain
             ... invoked by an orc priest
              (13 damage)
             ... on level 4 of the Dungeon.
             The game lasted 00:17:55 (4437 turns).

AlphabetPasta the Chiller (HOIE)                    Turns: 4437, Time: 00:17:56

Health: 0/47       AC:  7    Str: 11    XL:     6   Next: 71%
Magic:  6/10       EV: 11    Int: 19    God:
Gold:   143        SH:  0    Dex: 11    Spells: 1/11 levels left

rFire    . . .     SeeInvis .   g - +0 hand axe
rCold    . . .     Gourm    .   e - +3 leather armour
rNeg     . . .     Faith    .   (no shield)
rPois    .         Spirit   .   (no helmet)
rElec    .         Reflect  .   (no cloak)
rCorr    .         Harm     .   i - +2 pair of gloves
MR       .....                  (no boots)
Stlth    +++.......             (no amulet)
Regen    0.2/turn               p - ring of stealth
                                k - ring of stealth

@: no status effects
A: clever 1, deformed body, screaming 1
a: Convert to Beogh


You were on level 4 of the Dungeon.
You were not hungry.

You visited 1 branch of the dungeon, and saw 4 of its levels.
You also visited: Sewer.

You collected 143 gold pieces.

Inventory:

Hand Weapons
 g - a +0 hand axe (weapon)
Armour
 a - a +0 robe
 e - a +3 leather armour (worn)
 i - a +2 pair of gloves (worn)
Jewellery
 k - a ring of stealth (left hand)
 p - a ring of stealth (right hand)
Wands
 n - a wand of iceblast (6/15)
Scrolls
 d - a scroll of recharging {unknown}
 f - a scroll of teleportation
 s - a scroll of random uselessness {unknown}
 t - a scroll of remove curse
Potions
 j - a potion of might
 m - 3 potions of curing
 o - 4 potions of agility {unknown}
 q - a potion of flight {unknown}
 r - 3 potions of heal wounds {unknown}
 u - a potion of brilliance {unknown}
Books
 b - a book of Frost

   Spells                             Type                      Level
   a - Freeze                         Ice                          1
   b - Throw Frost                    Conjuration/Ice              2
   c - Ozocubu's Armour               Charms/Ice                   3
   d - Throw Icicle                   Conjuration/Ice              4
   e - Summon Ice Beast               Ice/Summoning                4
Comestibles
 c - 4 bread rations
 h - 3 royal jellies
 l - 3 meat rations
 v - a chunk of flesh


   Skills:
 - Level 1.0 Fighting
 + Level 1.3 Axes
 - Level 2.2 Armour
 - Level 1.5 Dodging
 - Level 1.5 Stealth
 + Level 3.0 Spellcasting
 + Level 1.0 Conjurations
 * Level 5.1 Ice Magic


You had one spell level left.
You knew the following spells:

 Your Spells              Type           Power        Failure   Level  Hunger
a - Freeze                Ice            ###.         2%          1    None
b - Throw Frost           Conj/Ice       ##....       12%         2    ##.....
c - Ozocubu's Armour      Chrm/Ice       ##......     24%         3    ###....
d - Throw Icicle          Conj/Ice       ##......     67%         4    ####...


Dungeon Overview and Level Annotations

Branches:
Dungeon (4/15)
 Temple: D:4-7

Altars:
Dithmenos
Uskayaw


Innate Abilities, Weirdness & Mutations

Your mind is acute. (Int +2)
Armour fits poorly on your strangely shaped body.
You occasionally shout uncontrollably at your foes.


Message History

The orc wizard hits you but does no damage.
The orc priest closely misses you. The orc barely misses you.
The orc hits you with a whip.
Casting: Freeze
Confirm with . or Enter, or press ? or * to list all spells.
Aiming: Freeze
Press: ? - help, Shift-Dir - straight line, f/p - orc priest
Aim: an orc priest, wielding a short sword and wearing a leather armour (severely wounded)
You freeze the orc priest.
The orc priest is almost dead.
The orc misses you. The orc wizard barely misses you.
The orc priest calls down the wrath of Beogh upon you.
Beogh smites you!
* * * LOW HITPOINT WARNING * * *
The orc barely misses you. The orc hits you with a whip.
* * * LOW HITPOINT WARNING * * *
You feel better. The orc barely misses you.
The orc priest calls down the wrath of Beogh upon you.
Pain shoots through your body!
You die...

##
###............##....#...
.##
###...........##..#.......#
h.#
#...........#####........#
..## #........####
##......... ...#
#.......##..## ##........
...## ##.....##....#
#........ ....#
#.....##.⌠._# ##.......
<...# #..##.#ooo..#
##...... O..##
#..###.#o@o.# ##..### ..##
#...# #.'...8# ####### .##
#...# ###../.# #.≈≈≈≈. #.
....# #.....# #≈≈≈≈.. #
.... ##.⌠._# ## #≈≈≈... ...
#....###.. #≈≈≈... ..
##..###....#≈≈...#
####......<....#
#..........##


You could see an orc priest, an orc wizard and 3 orcs.

Vanquished Creatures
  A bullfrog (D:4)
  2 hounds (D:4)
  An iguana (D:4)
  5 adders
  6 river rats
  3 oozes
  An adder skeleton (D:4)
  3 worms
  3 dart slugs
  A leopard gecko (D:3)
  6 ball pythons
  4 bats
  5 giant cockroaches
  10 goblins
  4 hobgoblins
  2 jackals (D:4)
  3 quokkas
  8 frilled lizards
  23 kobolds
  23 rats
114 creatures vanquished.

Notes
Turn   | Place    | Note
-------+----------+-------------------------------------------
     0 | D:1      | AlphabetPasta the Hill Orc Ice Elementalist began the quest for the Orb.
     0 | D:1      | Reached XP level 1. HP: 14/14 MP: 3/3
   175 | D:1      | Reached XP level 2. HP: 17/20 MP: 1/4
   176 | D:1      | Reached skill level 3 in Ice Magic
   183 | D:1      | Learned a level 2 spell: Throw Frost
   651 | D:1      | Reached skill level 1 in Axes
   962 | D:2      | Reached XP level 3. HP: 26/26 MP: 3/5
  1631 | D:3      | Learned a level 3 spell: Ozocubu's Armour
  1699 | D:3      | Reached XP level 4. HP: 32/34 MP: 7/7
  2060 | D:3      | Reached skill level 1 in Fighting
  2212 | D:3      | Reached skill level 4 in Ice Magic
  2490 | D:4      | Noticed an ogre
  2588 | D:4      | Reached XP level 5. HP: 15/40 MP: 1/8
  2593 | D:4      | Gained mutation: Your mind is acute. (Int +2) [potion of mutation]
  2593 | D:4      | Gained mutation: Armour fits poorly on your strangely shaped body. [potion of mutation]
  2593 | D:4      | Gained mutation: You occasionally shout uncontrollably at your foes. [potion of mutation]
  2597 | D:4      | Reached skill level 1 in Armour
  2820 | D:4      | Reached XP level 6. HP: 36/47 MP: 4/10
  2846 | D:4      | Found a glowing drain.
  2855 | Sewer    | Entered a sewer
  3082 | Sewer    | Reached skill level 5 in Ice Magic
  3873 | Sewer    | Learned a level 4 spell: Throw Icicle
  4429 | D:4      | Found a hide-covered altar of Uskayaw.
  4430 | D:4      | Found a shadowy altar of Dithmenos.
  4437 | D:4      | Killed from afar by an orc priest

Vault maps used:
D:1:      dpeg_arrival_court
D:4:      kennysheep_goblin_castle, gammafunk_temple_overflow_pools,
          first_bread, portal_sewer_entry_b, minmay_splitting_lines
Sewer:    sewer_minmay_treatment

Skill      XL: |  1  2  3  4  5  6 |
---------------+-------------------+-----
Ice Magic      | 3 4 5 |  5.1
Axes           | 1 |  1.3
Spellcasting   | 2 3 |  3.0
Fighting       | 1 |  1.0
Armour         | 1 2 |  2.2
Dodging        | |  1.5
Stealth        | |  1.5
Conjurations   | |  1.0

Action                   |  1- 3 |  4- 6 || total
-------------------------+-------+-------++-------
Melee: Unarmed           |     3 |       ||     3
       Hand axe          |    58 |   157 ||   215
 Cast: Freeze            |    30 |    86 ||   116
  Use: Scroll            |     4 |     3 ||     7
       Potion            |       |     6 ||     6
 Stab: Sleeping          |     7 |     2 ||     9
  Eat: Chunk             |     3 |    10 ||    13
Armor: Robe              |    17 |    73 ||    90
       Leather armour    |       |    11 ||    11
Dodge: Dodged            |    53 |   168 ||   221
